 Dungeon Crawl Stone Soup version 0.32-a0-732-ga344392067 (webtiles) character file.

Game seed: 2638761779009686546

13174 Esekla the Covert (level 12, -11/78 (81) HPs)
             Began as an Octopode Delver on Mar 13, 2024.
             Was an Initiate of Gozag.
             Mangled by a hell rat (14 damage)
             ... on level 1 of the Lair of Beasts on Mar 16, 2024.
             The game lasted 01:33:22 (13450 turns).

Esekla the Covert (Octopode Delver)                Turns: 13450, Time: 01:33:23

HP:   -11/78 (81)   AC:  1    Str: 13    XL:     12   Next: 3%
MP:   23/23         EV: 20    Int: 18    God:    Gozag
Gold: 1486          SH:  0    Dex: 15    Spells: 3/26 levels left

rFire   + . .        g - +6 dagger "Xuuded" {drain, +Blink Str+2 Int+2}
rCold   + . .        (no shield)
rNeg    . . .        (helmet restricted)
rPois   .            (no amulet)
rElec   .            s - +5 ring of evasion
rCorr   .            H - ring of protection from cold
SInv    .            K - ring of protection from fire
Will    .....        (no ring)
Stlth   ++++++       (no ring)
HPRegen 0.33/turn    (no ring)
MPRegen 0.18/turn    (no ring)
                     (no ring)

%: no passive effects
@: lightly drained
A: almost no armour, amphibious, 8 rings, camouflage 1, gelatinous body 1,
(nimble swimmer 1), tentacles
a: Renounce Religion, Evoke Blink, Potion Petition, Call Merchant, Bribe Branch


You were on level 1 of the Lair of Beasts.
You worshipped Gozag.
Gozag was most pleased with you.
You visited 3 branches of the dungeon, and saw 12 of its levels.
You also visited: Ossuary and Bailey.

You collected 3233 gold pieces.
You spent 1029 gold pieces at shops.
You paid 718 gold pieces to Gozag.

Inventory:

Hand Weapons
 a - a +4 scimitar
 e - a +1 falchion of electrocution
 g - the +6 dagger "Xuuded" (weapon) {drain, +Blink Str+2 Int+2}
   (You found it on level 4 of the Dungeon)

   Str+2:     It affects your strength (+2).
   Int+2:     It affects your intelligence (+2).
   +Blink:    It lets you blink.
 l - a +4 broad axe
 o - the +10 rapier of Esekla's Sudden Death {drain, *Slow rPois rC+++}
   (You bought it in a shop on level 9 of the Dungeon)

   rC+++:     It renders you almost immune to cold.
   rPois:     It protects you from poison.
   *Slow:     It may slow you when you take damage.
 r - a +0 spear of freezing
 z - a +2 great sword
 F - a +4 hand axe
Missiles
 u - 3 silver javelins
 I - 9 poisoned darts (quivered)
Jewellery
 h - the amulet of Fuamn {+Blink rPois Will- Regen+ SInv}
   (You found it on level 5 of the Dungeon)

   [amulet of regeneration]

   rPois:     It protects you from poison.
   Will-:     It decreases your willpower.
   SInv:      It lets you see invisible.
   +Blink:    It lets you blink.
   Regen+:    It increases your rate of health regeneration.
 k - an amulet of the acrobat
 s - a +5 ring of evasion (left tentacle)
 t - a ring of ice
 H - a ring of protection from cold (right tentacle)
 K - a ring of protection from fire (on tentacle)
Wands
 f - a wand of digging (3)
 j - a wand of flame (25)
 J - a wand of mindburst (7)
Scrolls
 b - 3 scrolls of fog
 i - 2 scrolls of amnesia {unknown}
 m - 5 scrolls of teleportation
 v - 3 scrolls of torment {unknown}
 x - 2 scrolls of acquirement {unknown}
 y - 2 scrolls of immolation {unknown}
 D - a scroll of silence {unknown}
 E - 2 scrolls of enchant weapon {unknown}
Potions
 c - 2 potions of curing
 d - a potion of experience
 n - 4 potions of attraction
 p - 4 potions of might
 q - 8 potions of enlightenment {unknown}
 w - 2 potions of heal wounds
 A - a potion of resistance {unknown}
 B - 2 potions of berserk rage {unknown}
 C - 2 potions of brilliance {unknown}
 G - 2 potions of haste
Miscellaneous
 L - a box of beasts


   Skills:
 * Level 7.6 Fighting
 + Level 4.5(4.8) Short Blades
 + Level 2.2(3.7) Long Blades
 + Level 2.1 Throwing
 * Level 6.9 Dodging
 + Level 11.5 Stealth
 * Level 7.7 Spellcasting
 * Level 3.7 Conjurations
 * Level 7.3 Necromancy
 + Level 3.0 Translocations
 * Level 4.7 Air Magic
 * Level 4.6 Alchemy


You had 3 spell levels left.
You knew the following spells:

 Your Spells              Type           Power      Damage    Failure   Level
b - Blink                 Tloc           34%        N/A       4%          2
c - Mephitic Cloud        Conj/Alch/Air  22%        N/A       4%          3
d - Vampiric Draining     Necr           33%        2d8       1%          3
i - Iskenderun's Mystic   Conj/Tloc      19%        2d6       24%         4
p - Apportation           Tloc           34%        N/A       3%          1
u - Dispel Undead         Necr           33%        3d14      4%          4
v - Mercury Vapours       Alch/Air       46%        N/A       2%          2
x - Olgreb's Toxic Radia  Alch           23%        N/A       16%         4

Your spell library contained the following spells:

 Spells                   Type           Power      Damage    Failure   Level
 Kiss of Death            Conj/Necr      100%       2d13      1%          1
 Necrotise                Necr           100%       1d9       1%          1
 Sting                    Conj/Alch      88%        1d8       1%          1
 Static Discharge         Conj/Air       44%        3-5/arc   2%          2
 Lesser Beckoning         Tloc           34%        N/A       4%          2
 Slow                     Hex            24%        N/A       10%         1
 Summon Small Mammal      Summ           24%        N/A       10%         1
 Confusing Touch          Hex            6%         N/A       30%         3
 Airstrike                Air            12%        2d(2-18)  14%         4
 Summon Lightning Spire   Summ/Air       15%        N/A       36%         4
 Dimensional Bullseye     Hex/Tloc       6%         N/A       47%         4
 Freezing Cloud           Conj/Ice/Air   8%         6-21      65%         5
 Ozocubu's Refrigeration  Ice            3%         4d8       100%        7
 Discord                  Hex            3%         N/A       100%        8
 Disjunction              Tloc           8%         N/A       100%        8


Dungeon Overview and Level Annotations

Branches:
Dungeon (10/15)            Temple (1/1) D:5            Lair (1/5) D:10
Ossuary (visited)          Bailey (visited)
    Orc: D:9-12

Altars:
Ashenzari
Cheibriados
Dithmenos
Elyvilon
Fedhas
Gozag
Hepliaklqana
Kikubaaqudgha
Makhleb
Nemelex Xobeh
Okawaru
Qazlal
Ru
Sif Muna
Trog
Uskayaw
Vehumet
Wu Jian
Xom
Yredelemnul
Zin
The Shining One

Shops:
D:6 =:   D:7 *   D:9 (

Annotations:
D:8 2 headed ogre
Lair:1 Gastronok, Nergalle


Innate Abilities, Weirdness & Mutations

You cannot wear most types of armour.
You are amphibious.
You can wear up to eight rings at the same time.
Your skin changes colour to match your surroundings (Stealth+).
Your rubbery body absorbs attacks. (AC +1, EV +1)
((You are camouflaged when in or above water. (Stealth+)))
You have tentacles for arms and can constrict up to eight enemies at once.


Message History

Found a ring mail.
Found an escape hatch in the floor.
There is a stone staircase leading down here.
I - 9 poisoned darts (gained 4)
q - 8 white potions (gained 1) 2 hell rats come into view. 2 hell rats come into view.
A bullfrog comes into view.
The hell rat roars deafeningly! x3; You hear a loud, deep croak!
The hell rat attacks as it pursues you! The hell rat bites you!
You hear an angry hiss.
You hit the hell rat. Your grab misses the hell rat.
The hell rat is lightly wounded.
The hell rat attacks as it pursues you! The hell rat completely misses you.
You barely miss the hell rat. You grab the hell rat.
The hell rat is lightly wounded.
You constrict the hell rat, but do no damage.
The hell rat barely misses you. The hell rat misses you.
You hit the hell rat. You grab the hell rat.
The hell rat is lightly wounded.
You constrict the hell rat. x2; The hell rat bites you!
The hell rat bites you!!
You feel drained.
Casting: Apportation (safe; 3% risk of failure)
Confirm with . or Enter, or press ? or * to list all spells.
You can't see any susceptible monsters within range! (Use Z to cast anyway.)
You barely miss the hell rat. You grab the hell rat.
You constrict the hell rat. x2; You constrict the hell rat!
The hell rat misses you. The hell rat closely misses you.
The hell rat barely misses you.
You hit the hell rat but do no damage.
The hell rat is heavily wounded.
You constrict the hell rat. x2
You constrict the hell rat, but do no damage.
The hell rat bites you!
* * * LOW HITPOINT WARNING * * *
The hell rat bites you!
* * * LOW HITPOINT WARNING * * *
The hell rat bites you!
You die...
Your body crumbles into a pile of gold.

#.#..#....## ####.~≈~
#........#####..#~~≈~
#.⌠.#....#......#.~~≈
#...#...............~
###..#.................
#....##................
#.....F..............##
#...rrrr.............##
#...##@................
...Fr.###.$...............
......# #.................
..⌠... #.................
...... ####..............
⌠...⌠ ###............
..... #.##......#... ##
###P##.#.>. ######...


You could see a bullfrog and 4 hell rats.

Vanquished Creatures
  An orc warlord (Bailey)
  A boulder beetle (D:7)
  An orc knight (Bailey)
  An elephant (D:10)
  Maggie (D:7)
  A rime drake (Lair:1)
  A kobold demonologist (D:8)
  3 polar bears
  A troll (D:10)
  Grinder (D:4)
  A slime creature (D:8)
  3 centaur simulacra (D:10)
  14 yaks
  A wyvern (D:8)
  3 vampire mosquitoes (D:10)
  3 steam dragons
  2 water moccasins
  3 black bears
  A meliai simulacrum (D:10)
  12 orc warriors
  5 ice beasts
  2 wolves (D:10)
  5 centaurs
  A phantom (D:6)
  2 kobold brigands
  6 bullfrogs
  4 scorpions
  12 wights
  A killer bee (D:8)
  7 howler monkeys
  2 electric eels (D:10)
  4 hounds
  Crazy Yiuf (D:4)
  A bombardier beetle (D:4)
  A gnoll bouda (D:5)
  3 orc priests
  3 sleepcaps
  4 iguanas
  10 orc wizards
  8 mummies (Ossuary)
  19 gnolls
  6 adders
  A shadow imp (D:8)
  7 white imps
  4 ufetubi
  A dart slug (D:5)
  A ribbon worm (D:2)
  37 orcs
  A ball python (D:2)
  5 bats
  4 endoplasms
  3 giant cockroaches
  A gnoll zombie (Ossuary)
  22 goblins
  18 hobgoblins
  6 jackals
  15 kobolds
  4 quokkas
  A frilled lizard (D:2)
  A hobgoblin zombie (Ossuary)
  5 kobold zombies (Ossuary)
  An orc zombie (Ossuary)
  6 rats
306 creatures vanquished.

Vanquished Creatures (others)
  An orc wizard (D:10)
1 creature vanquished.

Grand Total: 307 creatures vanquished

Notes
Turn   | Place    | Note
-------+----------+-------------------------------------------
     0 | D:5      | Esekla the Octopode Delver began the quest for the Orb.
     0 | D:5      | Reached XP level 1. HP: 16/16 MP: 1/1
    74 | D:5      | Found a staircase to the Ecumenical Temple.
    92 | D:5      | Noticed a centaur
    96 | Temple   | Entered the Ecumenical Temple
   104 | Temple   | Became a worshipper of Gozag Ym Sagoz the Greedy
   132 | D:5      | Identified the amulet of Fuamn {+Blink rPois Will- Regen+
                  | SInv}
   223 | D:5      | Reached XP level 2. HP: 16/21 MP: 2/2
   240 | D:5      | Found a broken altar of Ashenzari.
   302 | D:4      | Noticed Grinder
   340 | D:4      | Noticed a scorpion
   477 | D:4      | Found a glowing silver altar of Zin.
   637 | D:4      | Identified the +6 dagger "Xuuded" {drain, +Blink Str+2
                  | Int+2}
   753 | D:4      | Reached skill level 7 in Stealth
   753 | D:4      | Reached XP level 3. HP: 23/26 MP: 3/3
   836 | D:3      | Noticed a scorpion
  1224 | D:2      | Reached XP level 4. HP: 33/33 MP: 4/4
  1823 | D:1      | Reached skill level 1 in Necromancy
  1847 | D:1      | Learned a level 3 spell: Vampiric Draining
  1975 | D:1      | Learned a level 1 spell: Apportation
  2103 | D:1      | Upgraded the game from 0.32-a0-699-g1ee5eff69a to
                  | 0.32-a0-711-g016ad743e0
  2300 | D:2      | Got Dagreet's Enchiridion on Orientation and Aeromancy
  2407 | D:2      | Found a hazy altar of Hepliaklqana.
  2481 | D:2      | Reached skill level 1 in Spellcasting
  2507 | D:2      | Reached skill level 1 in Short Blades
  2676 | D:3      | Killed a scorpion
  2677 | D:3      | Reached XP level 5. HP: 37/37 MP: 6/6
  2945 | D:3      | Found an iron altar of Okawaru.
  2956 | D:3      | Found a bloodstained altar of Trog.
  3118 | D:4      | Killed Grinder
  3119 | D:4      | Reached skill level 8 in Stealth
  3119 | D:4      | Reached XP level 6. HP: 43/43 MP: 6/8
  3191 | D:4      | Reached XP level 7. HP: 48/48 MP: 9/9
  3244 | D:4      | Found a runed translucent door.
  3245 | D:4      | Noticed Crazy Yiuf
  3252 | D:4      | Killed Crazy Yiuf
  3255 | D:4      | Identified the +5 hammer of Punishment {drain, Str+3}
  3656 | D:5      | Reached skill level 9 in Stealth
  3676 | D:5      | Found a glowing golden altar of the Shining One.
  3758 | D:5      | Reached XP level 8. HP: 52/54 MP: 11/11
  3932 | D:5      | Found a sacrificial altar of Ru.
  4088 | D:5      | Reached skill level 1 in Translocations
  4207 | D:5      | Reached skill level 5 in Fighting
  4209 | D:5      | Reached skill level 1 in Throwing
  4215 | D:5      | Reached skill level 10 in Stealth
  4339 | D:5      | Found a sparkling altar of Nemelex Xobeh.
  4496 | D:6      | Reached XP level 9. HP: 46/61 MP: 13/13
  4572 | D:6      | Learned a level 4 spell: Dispel Undead
  4693 | D:6      | Found Sedofuri's Book Boutique.
  4746 | D:6      | Found a sand-covered staircase.
  4769 | Ossuary  | Entered an ossuary
  5574 | D:6      | Reached skill level 1 in Alchemy
  5873 | D:6      | Found a shimmering blue altar of Sif Muna.
  5886 | D:6      | Found an ancient bone altar of Kikubaaqudgha.
  5942 | D:6      | Found a radiant altar of Vehumet.
  6213 | D:6      | Bought a book of Vapours for 338 gold pieces
  6216 | D:6      | Learned a level 2 spell: Mercury Vapours
  6221 | D:6      | Learned a level 4 spell: Olgreb's Toxic Radiance
  6336 | D:7      | Found a flagged portal.
  6360 | D:7      | Found Veylat's Mail-Order Catalogue.
  6463 | Bailey   | Entered a bailey
  6697 | Bailey   | Reached skill level 5 in Necromancy
  6810 | Bailey   | Reached skill level 5 in Dodging
  6839 | Bailey   | Noticed an orc knight
  6934 | Bailey   | Reached skill level 1 in Conjurations
  6934 | Bailey   | Reached skill level 1 in Air Magic
  6956 | Bailey   | Reached skill level 5 in Spellcasting
  7048 | Bailey   | Reached XP level 10. HP: 64/68 MP: 10/17
  7055 | Bailey   | Learned a level 3 spell: Mephitic Cloud
  7074 | Bailey   | Noticed an orc warlord
  7394 | Bailey   | HP: 2/68 [orc warlord/+4 broad axe (24)]
  7526 | Bailey   | Identified the +8 plate armour of the Maze {^Contam rN+
                  | Dex+3}
  7700 | Bailey   | Killed an orc warlord
  7814 | Bailey   | Killed an orc knight
  7906 | D:7      | Upgraded the game from 0.32-a0-711-g016ad743e0 to
                  | 0.32-a0-732-ga344392067
  8037 | D:7      | Noticed Maggie
  8381 | D:7      | Found a hide-covered altar of Uskayaw.
  8435 | D:7      | Killed Maggie
  8661 | D:6      | Bought Gungaxta's Anthology of Transportation for 520 gold
                  | pieces
  8664 | D:6      | Learned a level 2 spell: Blink
  8962 | D:8      | Reached skill level 11 in Stealth
  9672 | D:8      | Reached XP level 11. HP: 57/74 MP: 8/20
  9685 | D:8      | Noticed a boulder beetle
  9685 | D:8      | Noticed a two-headed ogre
  9853 | D:7      | Killed a boulder beetle
 10335 | D:9      | Learned a level 4 spell: Iskenderun's Mystic Blast
 10605 | D:9      | Found a stormy altar of Qazlal.
 10755 | D:9      | Found Taicazxebba's Antique Weapon Shoppe.
 11211 | D:10     | Entered Level 10 of the Dungeon
 12545 | D:10     | Found a staircase to the Lair.
 13055 | D:9      | Bought a masterwork rapier for 171 gold pieces
 13055 | D:9      | Identified the +10 rapier of Esekla's Sudden Death {drain,
                  | *Slow rPois rC+++} (You bought it in a shop on level 9 of
                  | the Dungeon)
 13080 | Lair:1   | Entered Level 1 of the Lair of Beasts
 13097 | Lair:1   | Reached XP level 12. HP: 81/81 MP: 23/23
 13127 | Lair:1   | Noticed Gastronok
 13130 | Lair:1   | Noticed Nergalle
 13450 | Lair:1   | HP: 3/78 [hell rat (17)]
 13450 | Lair:1   | Mangled by a hell rat

Illustrated notes

Levels and vault maps discovered:
D:1:      amcnicky_arrival_feature_with_door, layout_loops_ring
D:2:      layout_basic, basic_altar
D:3:      layout_loops_cross, mainiacjoe_overflow_big_doors,
          grunt_decor_fettered
D:4:      layout_basic, mainiacjoe_overflow_alcove_4, minmay_small_thing,
          uniq_crazy_yiuf_cottage, uniq_grinder
D:5:      layout_loops_cross, marbit_many_paths, nicolae_overflow_hidden_temple,
          mainiacjoe_overflow_brackets, tso_oasis_becter,
          minmay_temple_entry_trees
D:6:      layout_basic, palyth_temple_overflow_mages,
          nicolae_ossuary_entry_plus, serial_library_hellmonk_layered_room,
          hangedman_decor_riveting, nicolae_inconvenience_store
D:7:      layout_basic, nicolae_uskayaw_suspiria, enter_bailey_3,
          monkooky_shop_mail_order, uniq_maggie
D:8:      layout_layer_cave, minmay_pinched_square
D:9:      layout_gridville, grunt_qazlal_sundering, serial_shops,
          nicolae_shop_rolling_square
D:10:     layout_basic, david_lair_generic, serial_ice, serial_ice_l,
          serial_ice_f, serial_ice_n, serial_ice_m, serial_ice_h, serial_ice_c,
          serial_ice_d, serial_ice_a
Temple:   eino_temple_lava
Lair:1:   layout_cave_pods, infiniplex_staircase_pool_2, grunt_megastairs_4,
          serial_bayou_shore_a, uniq_nergalle, uniq_gastronok

Skill      XL: |  1  2  3  4  5  6  7  8  9 10 11 |
---------------+----------------------------------+-----
Stealth        | 7 8 9 10 11 | 11.5
Necromancy     | 1 2 4 5 6 7 |  7.3
Spellcasting   | 1 2 3 5 6 7 |  7.7
Short Blades   | 1 2 3 4 |  4.5
Dodging        | 3 4 5 6 |  6.9
Fighting       | 4 5 6 7 |  7.6
Translocations | 1 2 3 |  3.0
Throwing       | 1 2 |  2.1
Alchemy        | 2 3 4 |  4.6
Conjurations   | 1 3 |  3.7
Air Magic      | 1 2 4 |  4.7
Long Blades    | |  2.2

Action                     |  1- 3 |  4- 6 |  7- 9 | 10-12 || total
---------------------------+-------+-------+-------+-------++-------
  Melee: Falchion          |     7 |       |       |       ||     7
         Dagger            |    28 |    58 |   243 |   322 ||   651
         Constrict         |     7 |    10 |    68 |    54 ||   139
         Tentacles         |     4 |     6 |    70 |    87 ||   167
  Throw: Javelin           |       |     1 |    10 |     1 ||    12
         Dart              |       |       |       |    29 ||    29
         Boomerang         |       |       |       |    18 ||    18
   Cast: Apportation       |       |     5 |    73 |    54 ||   132
         Vampiric Draining |       |     1 |     2 |    58 ||    61
         Mercury Vapours   |       |       |    17 |    13 ||    30
         Mephitic Cloud    |       |       |       |     6 ||     6
         Blink             |       |       |       |     5 ||     5
 Invoke: Call Merchant     |       |       |     1 |       ||     1
  Evoke: Wand              |       |       |       |     2 ||     2
    Use: Scroll            |     1 |       |     3 |     8 ||    12
         Potion            |       |       |       |     5 ||     5
   Stab: Sleeping          |     2 |    12 |    21 |    21 ||    56
         Distracted        |       |       |     1 |     8 ||     9
         Confused          |       |       |       |     2 ||     2
 Armour: Skin              |    14 |    14 |    62 |   151 ||   241
  Dodge: Dodged            |    23 |    21 |   100 |   279 ||   423

Table legend: (Time is in decaauts)
 A = Elapsed time spent in this place.
 B = Non-inter-level travel time spent in this place.
 C = Inter-level travel time spent in this place.
 D = Time resting spent in this place.
 E = Time spent auto-exploring this place.
 F = Levels seen in this place.
 G = Mean time per level.
                   A        B        C        D        E       F      G
               +--------+--------+--------+--------+--------+-----+--------+
         Total |  13356 |  12663 |    693 |   2135 |   3498 |  14 |  954.0 |
       Dungeon |  11049 |  10364 |    685 |   1283 |   3349 |  10 | 1104.9 |
        Temple |     40 |     32 |      8 |     15 |      0 |   1 |   40.0 |
          Lair |    424 |    424 |      0 |    144 |     45 |   1 |  424.0 |
       Ossuary |    460 |    460 |      0 |    196 |      0 |   1 |  460.0 |
        Bailey |   1382 |   1382 |      0 |    496 |    104 |   1 | 1382.0 |
               +--------+--------+--------+--------+--------+-----+--------+

Top non-repeatable levels by time:
     D:6: 1585 daAuts
    D:10: 1501 daAuts
  Bailey: 1382 daAuts
     D:8: 1355 daAuts
     D:7: 1154 daAuts
     D:4: 1123 daAuts
     D:9: 1111 daAuts
     D:5: 973 daAuts
     D:2: 903 daAuts
     D:3: 740 daAuts
     D:1: 600 daAuts
 Ossuary: 460 daAuts
  Lair:1: 424 daAuts
  Temple: 40 daAuts
